 Dungeon Crawl Stone Soup version 0.28-a0-751-gef3a642a4e (webtiles) character file.

Game seed: 5984384837289926771

1021 dolemite99 the Ducker (level 8, 0/63 HPs)
             Began as a Gnoll Gladiator on Oct 31, 2021.
             Was an Initiate of Gozag.
             Splashed by a jelly's acid (3 damage)
             ... on level 5 of the Dungeon.
             The game lasted 00:07:12 (8482 turns).

dolemite99 the Ducker (Gnoll Gladiator)             Turns: 8482, Time: 00:07:13

Health: 0/63       AC:  9    Str: 15    XL:     8   Next: 22%
Magic:  12/12      EV:  9    Int:  7    God:    Gozag
Gold:   70         SH:  0    Dex: 15    Spells: 13/13 levels left

rFire   . . .      SeeInvis .   a - +0 trident
rCold   . . .      Faith    .   (no shield)
rNeg    . . .      Spirit   .   r - +1 chain mail
rPois   .          Reflect  .   c - +2 helmet
rElec   .          Harm     .   (no cloak)
rCorr   .          Rampage  .   (no gloves)
Will    .....                   (no boots)
Stlth   ..........              (no amulet)
HPRegen 0.20/turn               (no ring)
MPRegen 0.13/turn               (no ring)

@: corroded, gold aura, hasted, very quick
A: fangs 1, strong nose, distributed training
a: Renounce Religion, Potion Petition, Call Merchant, Bribe Branch


You were on level 5 of the Dungeon.
You worshipped Gozag.
Gozag was noncommittal.
You visited 1 branch of the dungeon, and saw 5 of its levels.

You collected 495 gold pieces.
You paid 425 gold pieces to Gozag.

Inventory:

Hand Weapons
 a - a +0 trident (weapon)
 b - a +0 halberd
 d - a +2 flail of venom
 o - a +0 club
Missiles
 g - 7 boomerangs
 m - 40 stones
 q - 41 arrows
 v - 2 javelins
Armour
 c - a +2 helmet (worn)
 r - a +1 chain mail (worn)
Jewellery
 k - a +6 ring of intelligence
Wands
 j - a wand of flame (11) (quivered)
 n - a wand of digging (4)
Potions
 f - a potion of lignification {unknown}
 h - a potion of mutation {unknown}
 l - a potion of flight {unknown}
 t - 2 potions of magic
 u - a potion of haste


   Skills:
 + Level 5.5 Fighting
 + Level 3.1 Short Blades
 + Level 3.1 Long Blades
 + Level 3.1 Axes
 + Level 3.1 Maces & Flails
 + Level 7.3 Polearms
 + Level 3.1 Staves
 + Level 3.1 Slings
 + Level 3.1 Bows
 + Level 3.1 Crossbows
 + Level 5.5 Throwing
 + Level 3.1 Armour
 + Level 7.3 Dodging
 + Level 3.1 Stealth
 + Level 3.1 Shields
 + Level 3.1 Unarmed Combat
 + Level 3.1 Spellcasting
 + Level 2.5 Conjurations
 + Level 2.5 Hexes
 + Level 2.5 Summonings
 + Level 2.5 Necromancy
 + Level 2.5 Translocations
 + Level 2.5 Transmutations
 + Level 2.5 Fire Magic
 + Level 2.5 Ice Magic
 + Level 2.5 Air Magic
 + Level 2.5 Earth Magic
 + Level 2.5 Poison Magic
 + Level 3.4 Invocations
 + Level 3.1 Evocations


You had 13 spell levels left.
You didn't know any spells.
Your spell library contained the following spells:

 Spells                   Type           Power      Damage    Failure   Level
 Animate Skeleton         Necr           8%         N/A       94%         1
 Pain                     Necr           16%        1d4       94%         1
 Slow                     Hex            16%        N/A       94%         1
 Confusing Touch          Hex            4%         N/A       100%        3
 Vampiric Draining        Necr           2%         2d6       100%        3
 Alistair's Intoxication  Tmut/Pois      2%         N/A       100%        5
 Borgnjor's Vile Clutch   Necr/Erth      2%         N/A       100%        5
 Eringya's Noxious Bog    Tmut/Pois      2%         N/A       100%        6


Dungeon Overview and Level Annotations

Branches:
Dungeon (5/15)
 Temple: D:4-7

Altars:
Gozag
Qazlal
The Shining One

Annotations:
D:5 3 runed translucent doors, AttackTheMoon's ghost, amateur DrTm


Innate Abilities, Weirdness & Mutations

You have very sharp teeth.
Your uncanny sense of smell can sniff out nearby items.
Your experience applies equally to all skills.


Message History

The scorpion is severely wounded.
You feel sick. The scorpion barely misses you.
You hit the scorpion.
You kill the scorpion!
You feel sick.
The orc priest looks satisfied for a moment.
As you read the scroll labelled QYIHECL MOMUMUINY, it crumbles to dust.
You assume a fearsome visage.
The jelly looks frightened!
The orc looks frightened!
The orc priest looks frightened!
The orc looks frightened!
It was a scroll of fear.
You feel sick.
It was a potion of haste.
You feel yourself speed up.
You feel sick.
As you read the scroll labelled DUIXZOIMAD, it crumbles to dust.
You hear a loud clanging noise!
It was a scroll of noise.
The orc yells at you, "GO AWAY!"
Okay, then.
Unknown command.
You feel sick.
You feel sick.
The jelly is distracted by your dazzling golden aura.
You feel sick.
You are no longer poisoned.
Okay, then.
You aren't carrying any scrolls.
Unknown command.
The jelly quivers.
You hit the jelly.
Your hands burn!
* * * LOW HITPOINT WARNING * * *
The jelly is lightly wounded.
You hit the jelly.
Your hands burn!
* * * LOW HITPOINT WARNING * * *
The jelly is moderately wounded.
The jelly barely misses you.
You puncture the jelly! The acid corrodes you!
Your hands burn!
* * * LOW HITPOINT WARNING * * *
The jelly is severely wounded.
The jelly hits you but does no damage.
You hit the jelly but do no damage.
Your hands burn!
You die...
Your body crumbles into a pile of gold.

....$# ##. ....# ####
#... ∆#.#.# ## #...
... #.#.# .# #..# ...
#.#.# .# #..# #.#
#.#$# .# #..# #.#
#.#.# .#
#..####.######.#.#
.####..#........@....#
.........##.###J######
<####...........# .#
#.##.....#..#
.####...#....#..#
.........#..#...#
#####....###....#
#...###.....#
#..#..#.....#


You could see a jelly.

Vanquished Creatures
  Sigmund (D:5)
  Edmund (D:5)
  Duvessa (D:5)
  A phantom (D:3)
  Dowan (D:5)
  A scorpion (D:5)
  A centaur skeleton (D:4)
  An orc priest (D:5)
  A gnoll shaman (D:4)
  An iguana (D:4)
  An orc wizard (D:5)
  15 gnolls (D:4)
  8 adders
  An adder skeleton (D:4)
  2 worms
  A dart slug (D:3)
  6 orcs
  8 ball pythons
  4 endoplasms
  6 giant cockroaches
  3 goblins
  7 hobgoblins
  12 jackals
  5 kobolds
  2 quokkas
  5 bats
  2 frilled lizards
  7 rats
105 creatures vanquished.

Notes
Turn   | Place    | Note
-------+----------+-------------------------------------------
     0 | D:1      | dolemite99 the Gnoll Gladiator began the quest for the Orb.
     0 | D:1      | Reached XP level 1. HP: 20/20 MP: 1/1
    80 | D:1      | Reached XP level 2. HP: 16/26 MP: 2/2
   614 | D:1      | Reached XP level 3. HP: 20/31 MP: 3/3
  1016 | D:2      | Reached skill level 1 in Invocations
  1415 | D:2      | Reached skill level 1 in Short Blades
  1415 | D:2      | Reached skill level 1 in Long Blades
  1415 | D:2      | Reached skill level 1 in Axes
  1415 | D:2      | Reached skill level 1 in Maces & Flails
  1415 | D:2      | Reached skill level 1 in Staves
  1415 | D:2      | Reached skill level 1 in Slings
  1415 | D:2      | Reached skill level 1 in Bows
  1415 | D:2      | Reached skill level 1 in Crossbows
  1415 | D:2      | Reached skill level 1 in Armour
  1415 | D:2      | Reached skill level 1 in Stealth
  1415 | D:2      | Reached skill level 1 in Shields
  1415 | D:2      | Reached skill level 1 in Unarmed Combat
  1415 | D:2      | Reached skill level 1 in Spellcasting
  1415 | D:2      | Reached skill level 1 in Evocations
  1415 | D:2      | Reached XP level 4. HP: 25/38 MP: 5/5
  2303 | D:3      | Reached skill level 1 in Conjurations
  2303 | D:3      | Reached skill level 1 in Hexes
  2303 | D:3      | Reached skill level 1 in Summonings
  2303 | D:3      | Reached skill level 1 in Necromancy
  2303 | D:3      | Reached skill level 1 in Translocations
  2303 | D:3      | Reached skill level 1 in Transmutations
  2303 | D:3      | Reached skill level 1 in Fire Magic
  2303 | D:3      | Reached skill level 1 in Ice Magic
  2303 | D:3      | Reached skill level 1 in Air Magic
  2303 | D:3      | Reached skill level 1 in Earth Magic
  2303 | D:3      | Reached skill level 1 in Poison Magic
  2481 | D:3      | Found a stormy altar of Qazlal.
  2511 | D:3      | Found a glowing golden altar of the Shining One.
  2573 | D:3      | Noticed a phantom
  2592 | D:3      | Killed a phantom
  2593 | D:3      | Reached XP level 5. HP: 10/43 MP: 5/7
  3149 | D:3      | Found a faded altar of an unknown god.
  3157 | D:3      | Prayed at the altar of an unknown god.
  3157 | D:3      | Became a worshipper of Gozag Ym Sagoz the Greedy
  3572 | D:4      | Reached XP level 6. HP: 40/50 MP: 8/8
  4095 | D:4      | Reached skill level 5 in Fighting
  4095 | D:4      | Reached skill level 5 in Throwing
  5351 | D:4      | Reached XP level 7. HP: 8/56 MP: 10/10
  6314 | D:5      | Entered Level 5 of the Dungeon
  6381 | D:5      | Noticed Duvessa
  6389 | D:5      | Noticed Dowan
  6401 | D:5      | Killed Duvessa
  6407 | D:5      | HP: 1/56 [Dowan (4)]
  6410 | D:5      | Killed Dowan
  7179 | D:5      | Found a runed translucent gate.
  7179 | D:5      | Found a runed translucent gate.
  7180 | D:5      | Found a runed translucent gate.
  7183 | D:5      | Noticed AttackTheMoon's ghost (amateur DrTm)
  7286 | D:5      | Noticed Sigmund
  7301 | D:5      | Killed Sigmund
  7421 | D:5      | Noticed Edmund
  7440 | D:5      | Killed Edmund
  7441 | D:5      | Reached XP level 8. HP: 19/63 MP: 12/12
  8481 | D:5      | HP: 3/63 [acid (4)]
  8482 | D:5      | Splashed by a jelly's acid

Illustrated notes

Levels and vault maps discovered:
D:1:      mrwooster_arrival_arrow, layout_loops_cross, minmay_heptomino_h4
D:2:      layout_basic, minmay_liquid_box
D:3:      layout_loops_ring, mainiacjoe_overflow_six_doors_small,
          mainiacjoe_overflow_alcove_4, basic_ecumenical_altar,
          minmay_statues_item, minmay_tree_intersection
D:4:      layout_layer_cave, hangedman_abyss_or_decor_passed
D:5:      layout_loops_ring, gammafunk_ghost_necromancy, minivault_27,
          minmay_misc_feat_chi, hangedman_abyss_or_decor_stagger,
          minmay_misc_feat_pillars, roderic_roman_lattice,
          sigmund_edmund_badplayer, uniq_duvessa

Skill      XL: |  1  2  3  4  5  6  7  8 |
---------------+-------------------------+-----
Invocations    | 1 2 3 |  3.4
Short Blades   | 1 2 3 |  3.1
Long Blades    | 1 2 3 |  3.1
Axes           | 1 2 3 |  3.1
Maces & Flails | 1 2 3 |  3.1
Staves         | 1 2 3 |  3.1
Slings         | 1 2 3 |  3.1
Bows           | 1 2 3 |  3.1
Crossbows      | 1 2 3 |  3.1
Armour         | 1 2 3 |  3.1
Stealth        | 1 2 3 |  3.1
Shields        | 1 2 3 |  3.1
Unarmed Combat | 1 2 3 |  3.1
Spellcasting   | 1 2 3 |  3.1
Evocations     | 1 2 3 |  3.1
Conjurations   | 1 2 |  2.5
Hexes          | 1 2 |  2.5
Summonings     | 1 2 |  2.5
Necromancy     | 1 2 |  2.5
Translocations | 1 2 |  2.5
Transmutations | 1 2 |  2.5
Fire Magic     | 1 2 |  2.5
Ice Magic      | 1 2 |  2.5
Air Magic      | 1 2 |  2.5
Earth Magic    | 1 2 |  2.5
Poison Magic   | 1 2 |  2.5
Fighting       | 5 |  5.5
Throwing       | 5 |  5.5
Polearms       | 7 |  7.3
Dodging        | 7 |  7.3

Action                   |  1- 3 |  4- 6 |  7- 9 || total
-------------------------+-------+-------+-------++-------
Melee: Trident           |    86 |   209 |   111 ||   406
       Bite              |     4 |    25 |    13 ||    42
       Punch             |       |     2 |     3 ||     5
       Halberd           |       |    11 |       ||    11
Throw: Boomerang         |    12 |     3 |       ||    15
       Javelin           |       |    38 |     2 ||    40
       Throwing net      |       |       |     3 ||     3
Invok: Potion Petition   |       |       |     1 ||     1
Evoke: Wand              |       |       |     7 ||     7
  Use: Potion            |       |     5 |     2 ||     7
       Scroll            |       |     1 |     8 ||     9
 Stab: Sleeping          |     3 |       |       ||     3
       Distracted        |       |     1 |       ||     1
       Held in net/web   |       |       |     3 ||     3
Armor: Leather armour    |    16 |    12 |       ||    28
       Ring mail         |       |    49 |       ||    49
       Chain mail        |       |       |    44 ||    44
       Skin              |       |       |     2 ||     2
Dodge: Dodged            |    67 |   161 |    42 ||   270

Table legend: (Time is in decaauts)
 A = Elapsed time spent in this place.
 B = Non-inter-level travel time spent in this place.
 C = Inter-level travel time spent in this place.
 D = Time resting spent in this place.
 E = Time spent auto-exploring this place.
 F = Levels seen in this place.
 G = Mean time per level.
                   A        B        C        D        E       F      G
               +--------+--------+--------+--------+--------+-----+--------+
         Total |   8473 |   8289 |    184 |   3960 |   3313 |   5 | 1694.6 |
       Dungeon |   8473 |   8289 |    184 |   3960 |   3313 |   5 | 1694.6 |
               +--------+--------+--------+--------+--------+-----+--------+

Top non-repeatable levels by time:
     D:4: 2389 daAuts
     D:5: 2155 daAuts
     D:3: 1720 daAuts
     D:2: 1244 daAuts
     D:1: 964 daAuts
